 Dungeon Crawl Stone Soup version 0.29.1-13-g9f3cf754e1 (webtiles) character file.

Game seed: 11272135762025616970

5765 protoss039 the Trooper (level 10, -2/79 HPs)
             Began as a Demonspawn Earth Elementalist on Feb 9, 2023.
             Was a Believer of Vehumet.
             Slain by a troll (8 damage)
             ... on level 9 of the Dungeon.
             The game lasted 00:18:48 (12214 turns).

protoss039 the Trooper (DsEE)                      Turns: 12214, Time: 00:18:49

Health: -2/79      AC: 21    Str:  9    XL:     10   Next: 49%
Magic:  14/20      EV: 12    Int: 20    God:    Vehumet [**....]
Gold:   1791       SH:  0    Dex: 14    Spells: 17/23 levels left

rFire   . . .      SeeInvis +   B - +1 spear (venom)
rCold   . . .      Faith    .   (no shield)
rNeg    . . .      Spirit   .   I - +0 acid dragon scales
rPois   .          Reflect  .   (no helmet)
rElec   .          Harm     .   a - +0 cloak
rCorr   +          Rampage  .   H - +2 pair of gloves
Will    .....                   N - +0 pair of boots
Stlth   ++........              (no amulet)
HPRegen 0.23/turn               F - ring of resist corrosion
MPRegen 0.17/turn               p - ring of see invisible

@: sanguine armoured
A: claws 2, foul stench 1, sanguine armour 2
a: Renounce Religion


You were on level 9 of the Dungeon.
You worshipped Vehumet.
Vehumet was pleased with you.
You visited 2 branches of the dungeon, and saw 11 of its levels.

You collected 1967 gold pieces.
You spent 176 gold pieces at shops.

Inventory:

Hand Weapons
 m - a +0 spear
 B - a +1 spear of venom (weapon)
 K - a +2 scimitar of flaming
Armour
 a - a +0 cloak (worn)
 H - a +2 pair of gloves (worn)
 I - +0 acid dragon scales (worn)
 L - a +1 robe of resistance
 N - a +0 pair of boots (worn)
Magical Staves
 d - a staff of earth
 v - a staff of poison
Jewellery
 p - a ring of see invisible (right hand)
 F - a ring of resist corrosion (left hand)
Wands
 j - a wand of flame (38)
 n - a wand of charming (12)
 o - a wand of iceblast (9)
 J - a wand of polymorph (2)
Scrolls
 f - 3 scrolls of enchant weapon
 g - 4 scrolls of teleportation
 i - 4 scrolls of enchant armour
 l - a scroll of identify
 q - a scroll of torment
 u - 2 scrolls of immolation
 x - a scroll of fear
 y - 3 scrolls of amnesia
 z - 2 scrolls of poison
 D - a scroll of blinking
 E - a scroll of vulnerability {unknown}
 G - a scroll of brand weapon
 M - a scroll of fog {unknown}
Potions
 b - a potion of magic
 c - 5 potions of heal wounds
 e - 4 potions of lignification
 h - a potion of brilliance {unknown}
 k - a potion of flight {unknown}
 r - 2 potions of mutation {unknown}
 s - 5 potions of curing
 t - 2 potions of might {unknown}
 w - 2 potions of degeneration {unknown}
 A - a potion of berserk rage {unknown}
 C - a potion of ambrosia {unknown}


   Skills:
 + Level 7.3 Fighting
 + Level 3.4 Armour
 - Level 3.0 Dodging
 - Level 3.0 Stealth
 + Level 7.0 Spellcasting
 + Level 6.7 Conjurations
 - Level 3.0 Transmutations
 + Level 7.2 Earth Magic


You had 17 spell levels left.
You knew the following spells:

 Your Spells              Type           Power      Damage    Failure   Level
a - Sandblast             Erth           72%        2d16      1%          1
b - Passwall              Tmut/Erth      22%        N/A       2%          2
c - Stone Arrow           Conj/Erth      70%        3d11      2%          3

Your spell library contained the following spells:

 Spells                   Type           Power      Damage    Failure   Level
 Scorch                   Fire           14%        2d5       22%         2
 Foxfire                  Conj/Fire      80%        2x1d8     3%          1
 Shock                    Conj/Air       80%        1d8       3%          1
 Conjure Flame            Conj/Fire      20%        6-21      12%         3
 Dazzling Flash           Conj/Hex       40%        N/A       12%         3
 Freeze                   Ice            28%        1d5       16%         1
 Petrify                  Tmut/Erth      27%        N/A       19%         4
 Flame Wave               Conj/Fire      20%        2d7       36%         4
 Hailstorm                Conj/Ice       20%        3d6       36%         4
 Iskenderun's Mystic Bla  Conj/Tloc      20%        2d6       36%         4
 Confusing Touch          Hex            7%         N/A       41%         3
 Frozen Ramparts          Ice            14%        1d3       41%         3
 Inner Flame              Hex/Fire       7%         N/A       41%         3
 Swiftness                Air            7%         N/A       41%         3
 Airstrike                Air            3%         2d(1-17)  83%         4
 Yara's Violent Unravell  Hex/Tmut       6%         3d5       92%         5
 Starburst                Conj/Fire      10%        6d5       99%         6
 Enfeeble                 Hex            3%         N/A       100%        7


Dungeon Overview and Level Annotations

Branches:
Dungeon (10/15) Zot: 26631  Temple (1/1) D:6 Zot: 5992     Orc (0/2) D:9
   Lair: D:8-11

Altars:
Ashenzari
Cheibriados
Dithmenos
Fedhas
Gozag
Hepliaklqana
Kikubaaqudgha
Makhleb
Nemelex Xobeh
Okawaru
Qazlal
Ru
Sif Muna
Trog
Uskayaw
Vehumet
Wu Jian
Xom
Yredelemnul

Shops:
D:2 (   D:3 !   D:4 *


Innate Abilities, Weirdness & Mutations

You have very sharp fingernails.
You may rarely emit foul miasma when damaged in melee.
When seriously injured, your blood forms thick armour. (AC +9)


Message History

Aim: a killer bee (almost dead, 48% to hit)
The stone arrow hits the killer bee!
You kill the killer bee!
Vehumet accepts your kill.
You feel sick.
The vampire mosquito bites you but does no damage.
The vampire mosquito closely misses you.
The killer bee closely misses you. The wight closely misses you.
The vampire mosquito bites you but does no damage.
The troll closely misses you. The troll claws you but does no damage.
The troll claws you.
You emit a cloud of foul miasma!
The vampire mosquito bites you!
* * * LOW HITPOINT WARNING * * *
The vampire mosquito draws strength from your injuries!
The killer bee stings you.
* * * LOW HITPOINT WARNING * * *
You are more poisoned.
The killer bee poisons you!
Unknown command.
The killer bee attacks as you move away!
The killer bee stings you but does no damage.
The wight attacks as you move away! The wight hits you but does no damage.
You feel very sick.
The vampire mosquito bites you but does no damage.
The troll is engulfed in dark miasma.
The troll is poisoned.
The troll seems to slow down.
The troll bites you!
* * * LOW HITPOINT WARNING * * *
The troll misses you. The troll claws you.
* * * LOW HITPOINT WARNING * * *
The vampire mosquito bites you but does no damage.
The vampire mosquito misses you.
You see here a killer bee corpse.
Unknown command.
You feel better.
The vampire mosquito bites you but does no damage. x3
The vampire mosquito misses you.
The troll is engulfed in dark miasma.
The troll looks even sicker.
The troll bites you.
* * * LOW HITPOINT WARNING * * *
The troll claws you!
You die...

#######.###...............##
#.......# #........)........
#....#### #.<........[......
#....# ##..#####........#
#....# ##..# #####...).
#....## ##..## #####.[.##..
#.....####...# #..........#
#........#...####.###.######
#....###.#y@###...# #.#
#....# #..Ty###.#####.#
###### ##..yz#..####..#
##.#....###...##
#.....###...###
####...<#<######
#......##...# #..###.##...#
#### #.##...#


You could see a troll (very poisoned, slow), 2 vampire mosquitoes, a killer bee
and a wight.

Vanquished Creatures
  Joseph (D:9)
  Maurice (D:9)
  A troll (D:9)
  4 yaks (D:8)
  A steam dragon (D:7)
  4 vampire mosquitoes
  2 wargs
  A water moccasin (D:8)
  2 ice beasts
  4 black bears
  A sky beast (D:4)
  An ogre (D:7)
  2 centaurs
  2 phantoms (D:5)
  A kobold brigand (D:8)
  3 necrophages
  4 bullfrogs
  5 scorpions
  5 wights
  2 killer bees (D:9)
  3 hounds
  A jelly (D:8)
  6 orc priests
  A gnoll bouda (D:7)
  4 iguanas
  5 orc wizards (D:9)
  12 gnolls
  6 adders
  A shadow imp (D:8)
  4 white imps
  2 ufetubi
  5 worms
  4 dart slugs
  24 orcs
  8 ball pythons
  3 bats
  5 endoplasms
  4 giant cockroaches
  8 goblins
  5 hobgoblins
  12 jackals
  3 quokkas
  3 frilled lizards (D:2)
  5 kobolds
  7 rats
188 creatures vanquished.

Vanquished Creatures (collateral kills)
  Maggie (D:9)
1 creature vanquished.

Vanquished Creatures (others)
  A steam dragon (D:9)
1 creature vanquished.

Grand Total: 190 creatures vanquished

Notes
Turn   | Place    | Note
-------+----------+-------------------------------------------
     0 | D:1      | protoss039 the Demonspawn Earth Elementalist began the
                  | quest for the Orb.
     0 | D:1      | Reached XP level 1. HP: 13/13 MP: 3/3
   389 | D:1      | Gained mutation: When seriously injured, your blood forms
                  | armour. (AC +9) [demonic ancestry]
   389 | D:1      | Reached XP level 2. HP: 14/20 MP: 0/5
   491 | D:1      | Reached skill level 1 in Fighting
  1285 | D:1      | Learned a level 2 spell: Passwall
  1293 | D:2      | Gained mutation: When seriously injured, your blood forms
                  | thick armour. (AC +9) [demonic ancestry]
  1293 | D:2      | Reached XP level 3. HP: 15/26 MP: 3/6
  2017 | D:2      | Found a faded altar of an unknown god.
  2218 | D:2      | Reached XP level 4. HP: 16/33 MP: 4/8
  2527 | D:2      | Found Luuc's Weapon Emporium.
  2587 | D:2      | Learned a level 3 spell: Stone Arrow
  3549 | D:3      | Found Nykesch's Distillery.
  3552 | D:3      | Bought a potion of curing for 36 gold pieces
  3552 | D:3      | Bought a potion of heal wounds for 60 gold pieces
  3747 | D:4      | Noticed a scorpion
  3759 | D:4      | Noticed a scorpion
  3768 | D:4      | Killed a scorpion
  3769 | D:4      | Reached skill level 1 in Conjurations
  3769 | D:4      | Gained mutation: You have sharp fingernails. [demonic
                  | ancestry]
  3769 | D:4      | Reached XP level 5. HP: 20/39 MP: 0/9
  4287 | D:4      | Reached XP level 6. HP: 27/47 MP: 2/11
  4661 | D:4      | You fall into a shaft and drop 1 floor!
  4661 | D:5      | Entered Level 5 of the Dungeon
  4672 | D:5      | Noticed a sky beast
  4706 | D:4      | Noticed an ice beast
  4728 | D:4      | Killed an ice beast
  4892 | D:4      | Found a hazy altar of Hepliaklqana.
  4893 | D:4      | Found a shimmering altar of Xom.
  4894 | D:4      | Noticed a spectral ugly thing
  4907 | D:4      | Reached skill level 1 in Transmutations
  5062 | D:4      | Gained mutation: You may rarely emit foul miasma when
                  | damaged in melee. [demonic ancestry]
  5062 | D:4      | Reached XP level 7. HP: 29/52 MP: 0/12
  5295 | D:4      | Found Loym's General Store.
  5298 | D:4      | Bought a scroll of fear for 40 gold pieces
  5298 | D:4      | Bought a scroll of amnesia for 40 gold pieces
  6001 | D:5      | Found an iron altar of Okawaru.
  6217 | D:5      | Reached XP level 8. HP: 34/60 MP: 8/14
  6401 | D:6      | Found a staircase to the Ecumenical Temple.
  6495 | Temple   | Entered the Ecumenical Temple
  6527 | D:6      | Reached skill level 5 in Earth Magic
  7083 | D:6      | Found a radiant altar of Vehumet.
  7116 | D:6      | Became a worshipper of Vehumet
  7613 | D:6      | Reached skill level 5 in Spellcasting
  7905 | D:6      | Reached skill level 5 in Fighting
  8749 | D:7      | Gained mutation: You have very sharp fingernails. [demonic
                  | ancestry]
  8749 | D:7      | Reached XP level 9. HP: 49/68 MP: 2/17
  8971 | D:7      | Reached skill level 5 in Conjurations
  9293 | D:8      | Reached * piety under Vehumet
  9293 | D:8      | Offered knowledge of Foxfire by Vehumet.
  9748 | D:8      | Found a bloodstained altar of Trog.
 10419 | D:9      | Noticed Maurice
 10423 | D:9      | Noticed Maggie
 10427 | D:9      | Killed Maurice
 10428 | D:9      | Reached skill level 1 in Armour
 10433 | D:9      | Killed Maggie
 10435 | D:9      | Noticed Joseph
 10606 | D:9      | Noticed a troll
 10880 | D:8      | Reached XP level 10. HP: 67/77 MP: 1/19
 11554 | D:9      | Found a staircase to the Orcish Mines.
 11577 | D:9      | Killed Joseph
 11577 | D:9      | Offered knowledge of Scorch by Vehumet.
 11845 | D:9      | Identified a scroll of acquirement
 11846 | D:9      | Acquired 1293 gold pieces
 11851 | D:10     | Entered Level 10 of the Dungeon
 11856 | D:10     | Reached ** piety under Vehumet
 11915 | D:10     | Noticed a two-headed ogre
 11920 | D:10     | Noticed a two-headed ogre
 12214 | D:9      | Slain by a troll

Illustrated notes

Levels and vault maps discovered:
D:1:      pf_arrival_petrified_forest, layout_basic
D:2:      layout_basic, ebering_ecumenical_altar_abandoned, serial_shops,
          nicolae_lakefront_shop, minmay_misc_feat_hallway
D:3:      layout_rooms, serial_shops, nicolae_shop_behind_doors
D:4:      layout_basic, regret_index_temple_of_mockery, serial_shops,
          kennysheep_mini
D:5:      layout_cave_pools, mainiacjoe_overflow_paths, fountainhead
D:6:      layout_loops_ring, mainiacjoe_overflow_chevrons
D:7:      layout_rooms
D:8:      layout_basic, trog_ov_bears_minmay
D:9:      layout_rooms, erik_orc_4, uniq_maurice, uniq_joseph, uniq_maggie
D:10:     cheibrodos_orc_bank, layout_rooms, serial_shops, kennysheep_mini_moat
Temple:   sentei_temple_godly_chess

Skill      XL: |  1  2  3  4  5  6  7  8  9 10 |
---------------+-------------------------------+-----
Fighting       | 1 2 3 4 5 6 7 |  7.3
Earth Magic    | 3 4 5 6 7 |  7.2
Spellcasting   | 3 4 5 6 7 |  7.0
Conjurations   | 1 2 3 4 6 |  6.7
Stealth        | 2 3 |  3.0
Transmutations | 1 2 3 |  3.0
Dodging        | 2 3 |  3.0
Armour         | 2 3 |  3.4

Action                   |  1- 3 |  4- 6 |  7- 9 | 10-12 || total
-------------------------+-------+-------+-------+-------++-------
Melee: Unarmed           |    27 |       |       |       ||    27
       Punch             |     2 |     1 |     1 |       ||     4
       Dagger            |    71 |     5 |       |       ||    76
       Spear             |       |    95 |    73 |     8 ||   176
 Cast: Sandblast         |    39 |    81 |    71 |    13 ||   204
       Stone Arrow       |       |     6 |    96 |    34 ||   136
       Passwall          |       |       |     1 |       ||     1
Evoke: Wand              |       |       |     1 |       ||     1
  Use: Scroll            |       |       |     8 |     4 ||    12
       Potion            |       |       |       |     1 ||     1
 Stab: Sleeping          |     1 |     5 |       |       ||     6
       Distracted        |       |       |     1 |       ||     1
Armor: Robe              |    28 |    48 |    60 |       ||   136
       Acid dragon scale |       |       |    10 |    42 ||    52
Dodge: Dodged            |    96 |   110 |   137 |    61 ||   404
